Map: Orbital Shipyard

Players

LilDicky

  • Race: Terran Terran
  • League: Diamond

UITrA - Winner!

  • Race: Protoss Protoss
  • League: Diamond

VOD

http://www.twitch.tv/tumescentpie

Description

Time

  • Played on: Dec. 5, 2015, 5:08 p.m.
  • Length: 4:05
Show
View Real Time Build Order
Export as new Build Order

LilDicky Terran 

Build Orders:  

Get SALT Encoding   

  12  0:01  SCV  
  13  0:14  SCV  
  14  0:18  Supply Depot  
  14  0:26  SCV  
  15  0:39  Refinery  
  15  0:40  SCV  
  16  0:44  Barracks  
  16  0:52  SCV  
  17  1:04  SCV  
  18  1:16  SCV  
  19  1:28  SCV  
  19  1:32  Marine  
  21  1:36  Supply Depot  
  21  1:40  SCV  
  21  1:43  Factory  
  22  1:50  Marine  
  22  1:53  Orbital Command  
  23  2:15  Barracks  
  23  2:17  Barracks Reactor  
  23  2:18  SCV  
  23  2:20  Barracks  
  24  2:31  SCV  
  24  2:32  Supply Depot  
  24  2:35  Refinery  
  25  2:53  SCV  
  25  2:57  Marine x2  
  28  3:01  Widow Mine  
  28  3:03  Supply Depot  
  30  3:09  SCV  
  30  3:10  Barracks Tech Lab  
  32  3:14  Barracks Tech Lab  
  31  3:25  Marine  
  28  3:29  Marine  
  25  3:41  Marine  
  23  3:43  Marine  
  23  3:47  Marine  
Show
View Real Time Build Order
Export as new Build Order

UITrA Protoss - Winner!

Build Orders: Oracle Opening 

Get SALT Encoding   

  12  0:01  Probe (Chrono Boost)  
  13  0:13  Pylon  
  13  0:18  Probe (Chrono Boost)  
  14  0:31  Gateway  
  14  0:33  Probe (Chrono Boost)  
  15  0:43  Probe (Chrono Boost)  
  15  0:47  Assimilator  
  16  0:54  Probe (Chrono Boost)  
  17  1:05  Probe (Chrono Boost), Pylon  
  18  1:15  Probe (Chrono Boost)  
  19  1:19  Zealot (Chrono Boost)  
  21  1:26  Cybernetics Core  
  21  1:27  Probe  
  22  1:39  Probe  
  23  1:45  Zealot (Chrono Boost)  
  25  1:49  Assimilator  
  25  1:52  Probe  
  26  1:57  Pylon  
  26  2:04  Probe  
  27  2:09  Adept (Chrono Boost)  
  28  2:16  Probe  
  28  2:18  Stargate  
  29  2:29  Probe  
  30  2:32  Stalker (Chrono Boost)  
  32  2:42  Pylon  
  32  2:45  Probe  
  33  3:03  Oracle (Chrono Boost)  
  36  3:13  Probe  
  37  3:33  Nexus  
  37  3:34  Stalker  
  33  3:44  Probe  
  34  3:48  Forge  
Tags
 
Add a new tag
Caveats
  • Supply blocks, unpowered buildings, or Contaminate may cause inaccurate times.
  • Supply counts are checked every 10 seconds.